 Dungeon Sprint DCSS version 0.27-a0-819-g058290f16d (webtiles) character file.

Game seed: 10163679879820117659

2094 rocky1 the Blocker (level 9, -8/75 HPs)
             Began as a Formicid Fighter on Mar 30, 2021.
             Was a Priest of Cheibriados.
             Mangled by an eight-headed hydra (12 damage)
             ... in the Dungeon (Sprint IX: "|||||||||||||||||||||||||||||").
             The game lasted 00:03:31 (916 turns).

rocky1 the Blocker (Formicid Fighter)                Turns: 916, Time: 00:03:33

Health: -8/75      AC: 10    Str: 33    XL:     9   Next: 52%
Magic:  10/15      EV: 14    Int: 15    God:    Cheibriados [***...]
Gold:   0          SH: 14    Dex: 18    Spells: 8/8 levels left

rFire    . . .     SeeInvis +   k - +2 scimitar (holy)
rCold    . . .     Faith    .   c - +0 kite shield
rNeg     . . .     Spirit   .   b - +0 scale mail
rPois    .         Reflect  .   (helmet unavailable)
rElec    .         Harm     .   (no cloak)
rCorr    .         Rampage  .   (no gloves)
Will     .....                  (no boots)
Stlth    ..........             (no amulet)
HPRegen  0.22/turn              l - +2 ring of protection
MPRegen  0.14/turn              (no ring)

@: mighty, very slow
A: permanent stasis, dig shafts and tunnels, antennae 3, four strong arms
a: Dig, Renounce Religion, Bend Time, Temporal Distortion


You were in the Dungeon.
You worshipped Cheibriados.
Cheibriados was most pleased with you.
You visited 1 branch

Inventory:

Hand Weapons
 a - a +0 long sword
 k - a +2 scimitar of holy wrath (weapon)
Armour
 b - a +0 scale mail (worn)
 c - a +0 kite shield (worn)
 n - a +0 plate armour
Jewellery
 l - a +2 ring of protection (left hand)
 m - a +3 ring of intelligence
Wands
 j - a wand of iceblast (10)
Scrolls
 i - 2 scrolls of amnesia
Potions
 e - 5 potions of curing
 g - 4 potions of magic
 h - 2 potions of heal wounds


   Skills:
 + Level 8.5 Fighting
 + Level 11.6 Long Blades
 + Level 8.3 Armour
 + Level 6.2 Dodging
 + Level 12.0 Shields
 + Level 8.2 Invocations


You had 8 spell levels left.
You didn't know any spells.
Your spell library was empty.

Dungeon Overview and Level Annotations

Branches:
Dungeon (1/1)

Altars:
Cheibriados
Dithmenos
Elyvilon
Fedhas
Gozag
Hepliaklqana
Kikubaaqudgha
Makhleb
Nemelex Xobeh
Okawaru
Qazlal
Ru
Sif Muna
Trog
Uskayaw
Vehumet
Wu Jian
Xom
Yredelemnul
Zin
The Shining One
Beogh
Jiyva
Lugonu


Innate Abilities, Weirdness & Mutations

You cannot be hasted, slowed, berserked, paralysed or teleported.
You can dig through walls and to a lower floor.
You have a pair of large antennae on your head. (SInv)
Your four strong arms can wield two-handed weapons with a shield.


Message History

You slash the purple ugly thing!
The purple ugly thing is severely wounded.
You slash the purple ugly thing!
The purple ugly thing is almost dead.
The purple ugly thing barely misses you.
You slice the purple ugly thing!!
You kill the purple ugly thing!
Cheibriados thoroughly appreciates the change of pace.
Cheibriados raises the support of your attributes as your movement slows.
Your Armour skill increases to level 8!
Your Dodging skill increases to level 6!
Your Shields skill increases to level 12!
Your Invocations skill increases to level 8!
Unknown command.
The flow of time bends around you.
Cheibriados rebukes the six-headed hydra.
The six-headed hydra seems to slow down.
The six-headed hydra bites you. The six-headed hydra bites you!
The six-headed hydra bites you.
You block the six-headed hydra's attack.
The six-headed hydra bites you but does no damage.
You block the six-headed hydra's attack.
Unknown command.
You hack one of the six-headed hydra's heads off!
The five-headed hydra grows two more!
You slice the seven-headed hydra!!
The seven-headed hydra is moderately wounded.
Unknown command.
You hack one of the seven-headed hydra's heads off!
The six-headed hydra grows two more!
You slash the eight-headed hydra!
The eight-headed hydra is moderately wounded.
You block the eight-headed hydra's attack.
The eight-headed hydra bites you!
* * * LOW HITPOINT WARNING * * *
You block the eight-headed hydra's attack. x2
The eight-headed hydra bites you!
* * * LOW HITPOINT WARNING * * *
The eight-headed hydra bites you!
* * * LOW HITPOINT WARNING * * *
The eight-headed hydra bites you!
You die... ▓▓▓▓▓▓▓▓▓▓▓▓▓▓▓▓▓▓▓▓▓▓▓▓ '.?).[[...'))...@DR○.... ▓▓▓▓▓▓▓▓▓▓▓▓▓▓▓▓▓▓▓▓▓▓▓▓ {{{{{{{{

You could see an eight-headed hydra (slow) and an efreet.

Vanquished Creatures
  An ugly thing (D)
  A cyclops (D)
  A manticore (D)
  A tengu conjurer (D)
  A wyvern (D)
  A yak (D)
  A steam dragon (D)
  An ogre (D)
  2 centaurs (D)
  A howler monkey (D)
  A hound (D)
  A gnoll (D)
  An orc (D)
  A bat (D)
  A bat zombie (D)
  An endoplasm (D)
  A goblin (D)
  A kobold (D)
19 creatures vanquished.

Vanquished Creatures (others)
  A centaur (D)
1 creature vanquished.

Grand Total: 20 creatures vanquished

Notes
Turn   | Place    | Note
-------+----------+-------------------------------------------
     0 | D        | rocky1 the Formicid Fighter began the quest for the Orb.
     0 | D        | Reached XP level 1. HP: 18/18 MP: 1/1
    11 | D        | Reached skill level 4 in Shields
    19 | D        | Reached XP level 2. HP: 18/24 MP: 2/2
   100 | D        | Noticed an ogre
   100 | D        | Noticed a centaur
   102 | D        | Reached skill level 5 in Shields
   112 | D        | Killed an ogre
   113 | D        | Reached skill level 7 in Shields
   113 | D        | Reached XP level 3. HP: 11/29 MP: 3/3
   113 | D        | Reached XP level 4. HP: 14/35 MP: 4/4
   113 | D        | Reached XP level 5. HP: 16/41 MP: 5/5
   119 | D        | HP: 1/41 [centaur (3)]
   123 | D        | Killed a centaur
   124 | D        | Reached skill level 8 in Shields
   126 | D        | Reached XP level 6. HP: 21/47 MP: 6/6
   501 | D        | Found a snail-covered altar of Cheibriados.
   501 | D        | Found a shadowy altar of Dithmenos.
   501 | D        | Found a white marble altar of Elyvilon.
   501 | D        | Found a blossoming altar of Fedhas.
   501 | D        | Found an opulent altar of Gozag.
   502 | D        | Found a hazy altar of Hepliaklqana.
   503 | D        | Found a viscous altar of Jiyva.
   504 | D        | Found an ancient bone altar of Kikubaaqudgha.
   505 | D        | Became a worshipper of Cheibriados the Contemplative
   506 | D        | Found a corrupted altar of Lugonu.
   507 | D        | Found a burning altar of Makhleb.
   508 | D        | Found a sparkling altar of Nemelex Xobeh.
   509 | D        | Found an iron altar of Okawaru.
   510 | D        | Found a stormy altar of Qazlal.
   511 | D        | Found a sacrificial altar of Ru.
   512 | D        | Found a shimmering blue altar of Sif Muna.
   513 | D        | Found a bloodstained altar of Trog.
   514 | D        | Found a hide-covered altar of Uskayaw.
   515 | D        | Found a radiant altar of Vehumet.
   516 | D        | Found an ornate altar of the Wu Jian Council.
   517 | D        | Found a shimmering altar of Xom.
   518 | D        | Found a basalt altar of Yredelemnul.
   519 | D        | Found a glowing silver altar of Zin.
   520 | D        | Found a glowing golden altar of the Shining One.
   554 | D        | Noticed a wyvern
   554 | D        | Noticed a yak
   554 | D        | Noticed a steam dragon
   561 | D        | Reached skill level 9 in Shields
   561 | D        | Reached skill level 1 in Invocations
   563 | D        | Reached skill level 10 in Long Blades
   563 | D        | Reached skill level 1 in Dodging
   567 | D        | Killed a wyvern
   567 | D        | Reached * piety under Cheibriados
   568 | D        | Reached skill level 5 in Fighting
   568 | D        | Reached skill level 5 in Armour
   568 | D        | Reached XP level 7. HP: 26/56 MP: 6/10
   570 | D        | Killed a yak
   571 | D        | Reached skill level 10 in Shields
   571 | D        | Reached skill level 5 in Invocations
   576 | D        | Killed a steam dragon
   576 | D        | Reached ** piety under Cheibriados
   577 | D        | Reached XP level 8. HP: 7/64 MP: 7/12
   577 | D        | HP: 2/64 [howler monkey (5)]
   893 | D        | Noticed a tengu conjurer
   893 | D        | Noticed a cyclops
   893 | D        | Noticed a manticore
   893 | D        | Noticed a purple ugly thing
   893 | D        | Noticed an efreet
   893 | D        | Noticed a six-headed hydra
   897 | D        | Killed a tengu conjurer
   901 | D        | Killed a cyclops
   902 | D        | Reached skill level 5 in Dodging
   902 | D        | Reached skill level 11 in Shields
   907 | D        | Killed a manticore
   907 | D        | Reached *** piety under Cheibriados
   908 | D        | Reached XP level 9. HP: 45/74 MP: 12/14
   913 | D        | Killed a purple ugly thing
   914 | D        | Reached skill level 12 in Shields
   916 | D        | Mangled by an eight-headed hydra

Illustrated notes

Levels and vault maps discovered:
D:        linesprint [early_d, line_temple, items_1, d_10, items_2, lair_1,
          lair_end, items_3, orc_1, orc_end, items_4, d_15, swamp_1, shoals_1,
          snake_1, spider_1, d_20, vaults_1, items_5, swamp_end, shoals_end,
          snake_end, spider_end, vaults_end, d_27, items_6, zot_1, zot_end,
          crypt_end, forest_end, elf_end, slime_end, tomb_end, abyss_end,
          pan_hell_end]

Skill      XL: |  1  2  3  4  5  6  7  8  9 |
---------------+----------------------------+-----
Long Blades    | 4 7 9 10 11 | 11.6
Shields        | 4 7 8 9 10 11 12 | 12.0
Invocations    | 4 5 7 8 |  8.2
Fighting       | 5 6 8 |  8.5
Armour         | 5 6 7 8 |  8.3
Dodging        | 3 4 5 6 |  6.2

Action                   |  1- 3 |  4- 6 |  7- 9 || total
-------------------------+-------+-------+-------++-------
Melee: Long sword        |    27 |    12 |       ||    39
       Scimitar          |       |    10 |    33 ||    43
Invok: Bend Time         |       |       |     1 ||     1
  Use: Potion            |       |     2 |     1 ||     3
 Stab: Invisible         |       |     3 |     4 ||     7
Armor: Scale mail        |     7 |    10 |     7 ||    24
Dodge: Dodged            |    10 |    23 |    10 ||    43
Block: Kite shield       |    13 |    12 |    22 ||    47
       Rpst.: Long sword |     3 |     3 |       ||     6
       Scimitar          |       |     4 |     2 ||     6

Table legend: (Time is in decaauts)
 A = Elapsed time spent in this place.
 B = Non-inter-level travel time spent in this place.
 C = Inter-level travel time spent in this place.
 D = Time resting spent in this place.
 E = Time spent auto-exploring this place.
 F = Levels seen in this place.
 G = Mean time per level.
                   A        B        C        D        E       F      G
               +--------+--------+--------+--------+--------+-----+--------+
         Total |    932 |    932 |      0 |    751 |      0 |   1 |  932.0 |
       Dungeon |    932 |    932 |      0 |    751 |      0 |   1 |  932.0 |
               +--------+--------+--------+--------+--------+-----+--------+

Top non-repeatable levels by time:
       D: 932 daAuts
